 Dungeon Crawl Stone Soup version 0.19.0-24-gb05acd6 (webtiles) character file.

60 smedtjen the Firebug (level 3, 0/19 HPs)
             Began as a Deep Elf Fire Elementalist on Nov 21, 2016.
             Slain by Terence
             ... wielding a +0 morningstar
              (4 damage)
             ... on level 2 of the Dungeon.
             The game lasted 00:07:10 (1555 turns).

smedtjen the Firebug (Deep Elf Fire Elementalist)   Turns: 1555, Time: 00:07:11

Health: 0/19       AC:  3    Str:  5    XL:     3   Next: 82%
Magic:  0/10       EV: 13    Int: 20    God:
Gold:   35         SH:  0    Dex: 15    Spells: 2 memorised, 6 levels left

rFire  . . .     SeeInvis .     o - +0 rapier
rCold  . . .     Gourm    .     d - +0 robe
rNeg   . . .     Faith    .     (no shield)
rPois  .         Spirit   .     (no helmet)
rElec  .         Reflect  .     (no cloak)
rCorr  .         Harm     .     n - +0 pair of gloves
MR     .....                    (no boots)
Stlth  ++........               (no amulet)
                                (no ring)
                                (no ring)

@: no status effects
A: no striking features
a: no special abilities


You were on level 2 of the Dungeon.
You were not hungry.

You visited 1 branch of the dungeon, and saw 2 of its levels.

You collected 35 gold pieces.

Inventory:

Hand Weapons
 o - a +0 rapier (weapon)
 p - a +0 quarterstaff
Armour
 a - a +0 robe
 d - a +0 robe (worn)
 n - a +0 pair of gloves (worn)
Jewellery
 i - an uncursed ring of teleportation
Scrolls
 h - a scroll of fear
 j - 2 scrolls of enchant weapon
 r - a scroll of magic mapping {unknown}
 v - a scroll of identify
Potions
 e - 2 potions of heal wounds {unknown}
 g - 2 potions of resistance {unknown}
 k - a potion of curing {unknown}
 l - a potion of lignification {unknown}
 m - a potion of haste
 s - a potion of magic {unknown}
 t - 2 potions of brilliance {unknown}
 u - a potion of degeneration {unknown}
Books
 b - a book of Flames

   Spells                             Type                      Level
   a - Flame Tongue                   Conjuration/Fire             1
   b - Throw Flame                    Conjuration/Fire             2
   c - Conjure Flame                  Conjuration/Fire             3
   d - Inner Flame                    Hexes/Fire                   3
   e - Sticky Flame                   Conjuration/Fire             4
   f - Fireball                       Conjuration/Fire             5
Comestibles
 c - 2 bread rations
 q - 4 fruits


   Skills:
 + Level 3.2 Dodging
 + Level 2.8 Stealth
 + Level 3.5 Spellcasting
 + Level 1.8 Conjurations
 + Level 4.1 Fire Magic


You had 6 spell levels left.
You knew the following spells:

 Your Spells              Type           Power        Failure   Level  Hunger
a - Flame Tongue          Conj/Fire      ###..        4%          1    None
b - Throw Flame           Conj/Fire      ###...       10%         2    ##.....


Dungeon Overview and Level Annotations

Branches:
Dungeon (2/15)

Altars:

Annotations:
D:2 Terence


Message History

The rat barely misses you.
Casting: Flame Tongue
Confirm with . or Enter, or press ? or * to list all spells.
Aiming: Flame Tongue
Press: ? - help, Shift-Dir - straight line, f/p - Terence
Aim: Terence, wielding a morningstar and wearing a scale mail (moderately wounded, fast)
The flame tongue hits Terence.
Terence is heavily wounded.
Terence closely misses you. The rat bites you.
* * * LOW HITPOINT WARNING * * *
Casting: Flame Tongue
Confirm with . or Enter, or press ? or * to list all spells.
Aiming: Flame Tongue
Press: ? - help, Shift-Dir - straight line, f/p - Terence
Aim: Terence, wielding a morningstar and wearing a scale mail (heavily wounded, fast)
The flame tongue hits Terence.
Terence is heavily wounded.
Terence closely misses you. The rat misses you.
Terence hits you with a morningstar.
You die...

.....)###### #.#
...........# #.#
..###......# #.# # #
..# #......# #.#.#.#
..#
#......#####.#.#.###
..#
#......#.....#......
###
#......#.###......##
######## #........
#@@.....#
.......r.......
........###'#.#
........# .# #
(.$.....# .
........# .
###+#####


You could see Terence and a rat.

Vanquished Creatures
  2 adders (D:2)
  A worm (D:2)
  A ball python (D:1)
  7 bats
  2 giant cockroaches (D:1)
  4 goblins
  7 hobgoblins
  4 kobolds
  A quokka (D:2)
  2 frilled lizards (D:1)
  6 rats
37 creatures vanquished.

Notes
Turn   | Place    | Note
-------+----------+-------------------------------------------
     0 | D:1      | smedtjen the Deep Elf Fire Elementalist began the quest for the Orb.
     0 | D:1      | Reached XP level 1. HP: 10/10 MP: 6/6
   301 | D:1      | Reached XP level 2. HP: 12/15 MP: 5/8
   305 | D:1      | Learned a level 2 spell: Throw Flame
  1237 | D:2      | Reached skill level 4 in Fire Magic
  1237 | D:2      | Reached XP level 3. HP: 16/19 MP: 7/9
  1544 | D:2      | Noticed Terence
  1555 | D:2      | Slain by Terence

Skill      XL: |  1  2  3 |
---------------+----------+-----
Fire Magic     | 4 |  4.1
Dodging        | 3 |  3.2
Stealth        | |  2.8
Spellcasting   | |  3.5
Conjurations   | |  1.8

Action                   || total
-------------------------++-------
Melee: Unarmed           ||    11
       Rapier            ||    10
       Quarterstaff      ||     1
 Cast: Flame Tongue      ||    39
       Throw Flame       ||    22
  Use: Scroll            ||     5
  Eat: Chunk             ||     3
       Fruit             ||     1
Armor: Robe              ||    10
Dodge: Dodged            ||    39
